 Dungeon Crawl Stone Soup version 0.31-a0-702-gf82c85558f (webtiles) character file.

Game seed: 16066907192455889687

1292 qw the Skirmisher (level 8, -4/49 HPs)
             Began as a Gargoyle Hunter on Sept 8, 2023.
             Was a Follower of Okawaru.
             Killed by divine providence
             ... invoked by Jeremiah
              (15 damage)
             ... on level 7 of the Dungeon.
             The game lasted 00:02:30 (4721 turns).

qw the Skirmisher (Gargoyle Hunter)                 Turns: 4721, Time: 00:02:31

Health: -4/49      AC: 10    Str: 15    XL:     8   Next: 56%
Magic:  10/11      EV: 15    Int: 10    God:    Okawaru [*.....]
Gold:   373        SH:  0    Dex: 15    Spells: 7/7 levels left

rFire   . . .        Y - +0 shortbow
rCold   + . .        (shield currently unavailable)
rNeg    + . .        j - +1 robe {Will+}
rPois   inf          (no helmet)
rElec   +            (no cloak)
rCorr   .            i - +0 pair of gloves
SInv    .            (no boots)
Will    +....        (no amulet)
Stlth   +++          d - ring of protection from cold
HPRegen 0.28/turn    (no ring)
MPRegen 0.12/turn

%: no passive effects
@: heroic
A: sickness immunity, AC +5, negative energy resistance 1, electricity
resistance, torment resistance 1, petrification resistance
a: Renounce Religion, Heroism


You were on level 7 of the Dungeon.
You worshipped Okawaru.
Okawaru was aware of your devotion.
You visited 2 branches of the dungeon, and saw 8 of its levels.
You also visited: Ossuary.

You collected 391 gold pieces.
You spent 18 gold pieces at shops.


Innate Abilities, Weirdness & Mutations

You are immune to sickness and miasma.
Your stone body is resilient. (AC +5)
You are immune to poison.
You resist negative energy. (rN+)
You are resistant to electric shocks. (rElec)
You are resistant to unholy torment.
You are immune to petrification.


   Skills:
 + Level 5.1(10.1) Fighting
 - Level 9.0(14.0) Ranged Weapons
 - Level 1.0(6.0) Armour
 - Level 2.0(7.0) Dodging
 - Level 1.1(6.1) Stealth
 - Level 4.0 Invocations


You had 7 spell levels left.
You didn't know any spells.
Your spell library was empty.

Inventory:

Hand Weapons
 Y - a +0 shortbow (weapon)
Armour
 g - a +0 ring mail
 i - a +0 pair of gloves (worn)
 j - a +1 robe of willpower (worn)
Jewellery
 d - a ring of protection from cold (left hand)
Wands
 l - a wand of digging (4)
Scrolls
 e - a scroll of identify
Potions
 a - 3 potions of haste
 b - a potion of cancellation
 c - a potion of enlightenment
 f - 8 potions of curing
 k - a potion of resistance
 m - a potion of magic
 o - 2 potions of might
 q - a potion of brilliance {unknown}

Dungeon Overview and Level Annotations

Branches:
Dungeon (7/15)             Temple (1/1) D:4         Ossuary (visited)

Altars:
Cheibriados
Dithmenos
Elyvilon
Fedhas
Gozag
Hepliaklqana
Kikubaaqudgha
Makhleb
Nemelex Xobeh
Okawaru
Qazlal
Ru
Sif Muna
Trog
Uskayaw
Vehumet
Wu Jian
Yredelemnul
Zin

Shops:
D:5 *

Annotations:
D:3 1 runed translucent door, qw's ghost, amateur GrHu
D:7 Jeremiah


Message History

Jeremiah asks, "Where am I?
Why are you fighting me?"
Jeremiah hits you from afar with a +3 trident of draining.
The butterfly disappears in a burst of colours!
Jeremiah misses you.
You feel like a meek peon again.
The butterfly disappears in a burst of colours! x2
Jeremiah wails, "It wants to be free!
It wants to enslave everyone!"
Jeremiah hits you from afar with a +3 trident of draining!
4710 ||| INVOKING Heroism.
You gain the combat prowess of a mighty hero.
The butterfly disappears in a burst of colours! x2
Jeremiah hits you from afar with a +3 trident of draining.
You shoot an arrow. The arrow barely misses Jeremiah.
The arrow hits the butterfly.
You kill the butterfly!
The butterfly disappears in a burst of colours!
The butterfly disappears in a burst of colours!
Jeremiah hits you from afar with a +3 trident of draining.
Jeremiah hits you but does no damage.
Enter note: You shoot an arrow.
The arrow misses the butterfly.
The arrow hits Jeremiah.
Jeremiah is moderately wounded.
The butterfly disappears in a burst of colours!
Jeremiah barely misses you.
The butterfly disappears in a burst of colours! x3
Jeremiah hits you from afar with a +3 trident of draining.
The butterfly disappears in a burst of colours! x2
Jeremiah hops!
Jeremiah hits you from afar with a +3 trident of draining.
The butterfly disappears in a burst of colours! x2
Jeremiah hits you but does no damage.
The butterfly disappears in a burst of colours! x2
Jeremiah misses you.
The butterfly disappears in a burst of colours!
Jeremiah barely misses you.
The butterfly disappears in a burst of colours! x3
Jeremiah shouts, "O dreadful one, destroy my foe!"
Something smites you!
You die...
Jeremiah says, "O terrible one, your will is done."

#.#.###......###.......#
# .. #...#.## ........
##.# ...# ###..# ##
#bb.. .. #b## #.b# ...
##...##b.##....
#.....@bb....#
#....bbbb...##
#....).bF####
#...##..b.# ##.# ###..#
## .## ##


You could see Jeremiah.

Vanquished Creatures
  An ice beast (D:6)
  A phantom (D:6)
  3 scorpions
  A water moccasin zombie (Ossuary)
  3 wights (D:7)
  2 vampire bats (D:6)
  An orc priest (D:6)
  6 hounds
  3 iguanas
  An orc wizard (D:6)
  3 sleepcaps
  2 mummies (Ossuary)
  3 gnolls (D:5)
  8 adders
  A shadow imp (D:4)
  A white imp (D:5)
  6 adder zombies (Ossuary)
  2 dart slugs (D:1)
  A worm (D:3)
  7 orcs
  7 endoplasms
  8 giant cockroaches
  3 goblins
  3 hobgoblins
  2 jackals (D:1)
  10 kobolds
  4 quokkas
  3 ball pythons
  12 bats
  4 frilled lizards
  3 gnoll zombies (Ossuary)
  3 hobgoblin zombies (Ossuary)
  10 kobold zombies (Ossuary)
  7 orc zombies (Ossuary)
  7 rats
142 creatures vanquished.

Vanquished Creatures (others)
  An orc wizard (D:6)
1 creature vanquished.

Grand Total: 143 creatures vanquished

Notes
Turn   | Place    | Note
-------+----------+-------------------------------------------
     0 | D:1      | qw the Gargoyle Hunter began the quest for the Orb.
     0 | D:1      | Reached XP level 1. HP: 12/12 MP: 1/1
     0 | D:1      | 0 ||| qw: Version: 0.3-a-76-g4403597
     0 | D:1      | 0 ||| qw: Game counter: 929
     0 | D:1      | 0 ||| qw: Melee chars always use a shield: true
     0 | D:1      | 0 ||| qw: God list: Okawaru
     0 | D:1      | 0 ||| qw: Allow faded altars: false
     0 | D:1      | 0 ||| qw: Do Orc after clearing Dungeon:15 true
     0 | D:1      | 0 ||| qw: Do second Lair branch before Depths: true
     0 | D:1      | 0 ||| qw: Lair rune preference: random
     0 | D:1      | 0 ||| qw: Goals: Normal
     0 | D:1      | 0 ||| PLANNING D:1-11
   122 | D:1      | Reached XP level 2. HP: 17/17 MP: 2/2
   484 | D:1      | 484 ||| UPGRADING to +0 ring mail.
   494 | D:1      | 494 ||| DROPPING +0 leather armour.
   495 | D:1      | 495 ||| READING 2 scrolls labelled TUNGIT GAUGA.
   496 | D:1      | 496 ||| READING 3 scrolls labelled JESENA DIOBAPN.
   497 | D:1      | 497 ||| DRINKING 5 grey potions.
   498 | D:1      | 498 ||| DROPPING scroll of amnesia.
   499 | D:1      | 499 ||| DROPPING scroll of butterflies.
   500 | D:1      | 500 ||| DROPPING 2 scrolls of summoning.
   528 | D:2      | Reached XP level 3. HP: 19/21 MP: 3/3
   565 | D:2      | Reached skill level 1 in Armour
   756 | D:2      | Reached skill level 5 in Ranged Weapons
   813 | D:2      | Found an opulent altar of Gozag.
   834 | D:2      | Found a faded altar of an unknown god.
  1073 | D:2      | 1073 ||| UPGRADING to +1 robe of willpower.
  1083 | D:2      | 1083 ||| DROPPING +6 ring of intelligence.
  1084 | D:2      | 1084 ||| READING 2 scrolls labelled RUNAYS EWKALI.
  1085 | D:2      | 1085 ||| READING scroll labelled XUOPHA DIEWUNT.
  1186 | D:2      | 1186 ||| READING scroll labelled DACRUSM GEEM.
  1187 | D:2      | 1187 ||| READING scroll labelled DEUPTUXEISM.
  1188 | D:2      | 1188 ||| DRINKING 2 fizzy coppery potions.
  1189 | D:2      | 1189 ||| DROPPING scroll of fog.
  1309 | D:3      | Found a white marble altar of Elyvilon.
  1355 | D:3      | Reached XP level 4. HP: 27/27 MP: 4/4
  1360 | D:3      | Found a runed translucent door.
  1364 | D:3      | Noticed a bullfrog
  1398 | D:3      | Reached skill level 3 in Fighting
  1577 | D:3      | 1577 ||| Stepping ~*~*~tactically~*~*~ (outnumbered).
  1579 | D:3      | 1579 ||| Stepping ~*~*~tactically~*~*~ (outnumbered).
  1833 | D:3      | Noticed qw's ghost (amateur GrHu)
  1902 | D:3      | 1902 ||| READING 2 scrolls labelled VANAZO TIERGH.
  1903 | D:3      | 1903 ||| READING scroll labelled COSIG YMUXT.
  1923 | D:3      | 1923 ||| DRINKING 2 coppery potions.
  2063 | D:4      | Found a staircase to the Ecumenical Temple.
  2064 | D:4      | 2064 ||| PLANNING TEMPLE
  2064 | D:4      | 2064 ||| UPGRADING to +0 pair of gloves.
  2081 | Temple   | Entered the Ecumenical Temple
  2082 | Temple   | 2082 ||| PLANNING OKAWARU WORSHIP
  2152 | Temple   | Became a worshipper of Warmaster Okawaru
  2153 | Temple   | 2153 ||| PLANNING D:1-11
  2294 | D:4      | Found a shimmering blue altar of Sif Muna.
  2312 | D:4      | Reached XP level 5. HP: 32/32 MP: 5/5
  2535 | D:4      | Reached skill level 6 in Ranged Weapons
  2708 | D:4      | 2708 ||| READING 2 scrolls of identify.
  2708 | D:4      | 2708 ||| IDENTIFYING emerald potion
  2719 | D:5      | Entered Level 5 of the Dungeon
  2720 | D:5      | 2720 ||| PLANNING OSSUARY
  2722 | D:5      | 2722 ||| STAIRDANCE
  2727 | D:4      | Reached XP level 6. HP: 36/38 MP: 6/6
  2737 | D:5      | 2737 ||| STAIRDANCE
  2765 | D:5      | 2765 ||| STAIRDANCE
  2795 | D:5      | 2795 ||| STAIRDANCE
  2817 | D:5      | 2817 ||| STAIRDANCE
  2886 | D:5      | 2886 ||| STAIRDANCE
  2965 | D:5      | Found a sand-covered staircase.
  2966 | D:5      | 2966 ||| DRINKING 2 sapphire potions.
  2967 | D:5      | 2967 ||| READING 2 scrolls of identify.
  2967 | D:5      | 2967 ||| IDENTIFYING glowing white potion
  2973 | D:5      | 2973 ||| READING scroll labelled WOR XOWKIRUM.
  2975 | Ossuary  | Entered an ossuary
  3209 | Ossuary  | HP: 7/38 [mummy (16)]
  3210 | Ossuary  | 3210 ||| DRINKING potion of heal wounds.
  3212 | Ossuary  | Reached skill level 7 in Ranged Weapons
  3215 | Ossuary  | HP: 9/38 [mummy (6)]
  3353 | Ossuary  | 3353 ||| READING scroll labelled DYRCHO TOALEHER.
  3354 | Ossuary  | 3354 ||| DRINKING 2 dark potions.
  3401 | Ossuary  | 3401 ||| DRINKING 3 silvery potions.
  3402 | Ossuary  | 3402 ||| DROPPING potion of lignification.
  3403 | Ossuary  | 3403 ||| DROPPING 2 potions of attraction.
  3409 | D:5      | 3409 ||| PLANNING D:1-11
  3439 | D:5      | Reached * piety under Okawaru
  3507 | D:5      | Reached XP level 7. HP: 43/43 MP: 7/7
  3528 | D:5      | Reached skill level 1 in Invocations
  3536 | D:5      | Found a radiant altar of Vehumet.
  3603 | D:5      | 3603 ||| INVOKING Heroism.
  3913 | D:5      | Found Leuniam's CLEARANCE SALE!.
  3922 | D:5      | 3922 ||| BUYING potion of curing (18 gold).
  3922 | D:5      | Bought a potion of curing for 18 gold pieces
  3922 | D:5      | 3922 ||| UPGRADING to ring of protection from cold.
  3923 | D:5      | 3923 ||| DROPPING ring of wizardry.
  3924 | D:5      | 3924 ||| DRINKING 2 fuming black potions.
  3976 | D:6      | 3976 ||| INVOKING Heroism.
  3990 | D:6      | Reached skill level 3 in Invocations
  4097 | D:6      | 4097 ||| INVOKING Heroism.
  4212 | D:6      | Reached skill level 8 in Ranged Weapons
  4212 | D:6      | Reached XP level 8. HP: 48/48 MP: 10/10
  4218 | D:6      | 4218 ||| INVOKING Heroism.
  4332 | D:6      | 4332 ||| Stepping ~*~*~tactically~*~*~ (retreating).
  4579 | D:6      | 4579 ||| READING 2 scrolls of identify.
  4579 | D:6      | 4579 ||| IDENTIFYING sedimented yellow potion
  4638 | D:7      | Noticed Jeremiah
  4643 | D:7      | 4643 ||| INVOKING Heroism.
  4645 | D:7      | HP: 12/49 [wight/+0 dagger (2)]
  4646 | D:7      | 4646 ||| DRINKING 3 potions of heal wounds.
  4664 | D:7      | Reached skill level 9 in Ranged Weapons
  4679 | D:7      | HP: 5/49 [Jeremiah/divine providence (9)]
  4680 | D:7      | 4680 ||| DRINKING 2 potions of heal wounds.
  4682 | D:7      | 4682 ||| INVOKING Heroism.
  4706 | D:7      | HP: 12/49 [Jeremiah/divine providence (10)]
  4707 | D:7      | 4707 ||| DRINKING potion of heal wounds.
  4710 | D:7      | 4710 ||| INVOKING Heroism.
  4715 | D:7      | HP: 10/49 [Jeremiah/+3 trident of draining (6)]
  4721 | D:7      | Killed from afar by Jeremiah

Levels and vault maps discovered:
D:1:      minmay_arrival_hallway, layout_basic, minmay_tetromino_i2
D:2:      layout_loops_ring, ebering_ecumenical_altar_rust, basic_altar,
          grunt_ministairs_6, kennysheep_generic_room_2
D:3:      layout_rooms, elyvilon_altar_3, ebering_ghost_sewer_d,
          hangedman_decor_growths, lexackson_kobold_supper
D:4:      layout_loops_ring, mainiacjoe_overflow_six_doors_small,
          minmay_temple_entry_glass, nicolae_kite_square_tiling_tiny
D:5:      layout_basic, mainiacjoe_overflow_24_doors,
          nicolae_ossuary_entry_plus, nicolae_shop_clearance
D:6:      layout_rooms, hex_medium, roderic_batcave
D:7:      layout_cave_pools, uniq_joseph, uniq_pikel, uniq_menkaure,
          uniq_jeremiah
Temple:   minmay_temple_bridge_d

Skill      XL: |  1  2  3  4  5  6  7  8 |
---------------+-------------------------+-----
Armour         | 1 |  1.0
Ranged Weapons | 5 6 7 8 9 |  9.0
Fighting       | 3 4 5 |  5.1
Dodging        | 2 |  2.0
Invocations    | 3 4 |  4.0
Stealth        | |  1.1

Action                     |  1- 3 |  4- 6 |  7- 9 || total
---------------------------+-------+-------+-------++-------
   Fire: Shortbow          |   120 |   244 |   252 ||   616
 Invoke: Heroism           |       |       |     7 ||     7
    Use: Scroll            |     6 |     6 |     1 ||    13
         Potion            |     2 |     5 |     4 ||    11
 Armour: Leather armour    |     5 |       |       ||     5
         Ring mail         |     9 |       |       ||     9
         Robe              |     4 |    91 |   117 ||   212
  Dodge: Dodged            |    30 |    77 |   112 ||   219

Table legend:
 A = Non-vault XP
 B = Vault XP
 C = Vault XP percentage of total XP
 D = Non-vault monster count
 E = Vault monster count
 F = Vault count percentage of total count
                 A         B        C        D         E       F
            +---------+---------+-------+---------+---------+-------
      Total |    1527 |     320 |  17.3 |      88 |      55 |  38.5
            +---------+---------+-------+---------+---------+-------
        D:1 |      31 |       1 |   3.1 |      16 |       1 |   5.9
        D:2 |      26 |       9 |  25.7 |      10 |       6 |  37.5
        D:3 |      52 |      11 |  17.5 |      14 |       8 |  36.4
        D:4 |     213 |       0 |   0.0 |      14 |       0 |   0.0
        D:5 |     316 |       0 |   0.0 |      14 |       0 |   0.0
        D:6 |     667 |     124 |  15.7 |      17 |       8 |  32.0
        D:7 |     222 |       0 |   0.0 |       3 |       0 |   0.0
    Ossuary |       0 |     175 | 100.0 |       0 |      32 | 100.0
            +---------+---------+-------+---------+---------+-------
